 Dungeon Crawl Stone Soup version 0.24.0-13-gcf9b319 (webtiles) character file.

Game seed: 612221176242489376, levelgen mode: deterministic

1176 Boetheseconed the Ruffian (level 8, -7/75 HPs)
             Began as a Troll Monk on Jan 13, 2020.
             Mangled by an orc warrior
             ... wielding a +0 battleaxe
              (27 damage)
             ... on level 6 of the Dungeon.
             The game lasted 00:11:11 (4499 turns).

Boetheseconed the Ruffian (Troll Monk)              Turns: 4499, Time: 00:11:12

Health: -7/75      AC:  7    Str: 20    XL:     8   Next: 18%
Magic:  7/7        EV: 12    Int:  6    God:
Gold:   222        SH:  0    Dex: 14    Spells: 7/7 levels left

rFire    . . .     SeeInvis .     - Unarmed
rCold    + . .     Gourm    +   (no shield)
rNeg     + + .     Faith    .   s - +1 robe "Goppikos" {rC+ rN+}
rPois    +         Spirit   .   (helmet restricted)
rElec    .         Reflect  .   (no cloak)
rCorr    .         Harm     .   (gloves unavailable)
MR       .....                  (boots unavailable)
Stlth    ++........             (no amulet)
HPRegen  0.62/turn              t - ring of poison resistance
MPRegen  0.10/turn              v - ring of positive energy

@: no status effects
A: large, unfitting armour, claws 3, fast metabolism 3, gourmand, regeneration
1, shaggy fur 1, tough skin 3
a: no special abilities


You were on level 6 of the Dungeon.
You were not hungry.

You visited 1 branch of the dungeon, and saw 6 of its levels.

You collected 222 gold pieces.

Inventory:

Hand Weapons
 m - a +2 battleaxe of flaming
Armour
 a - a +0 robe
 s - the +1 robe "Goppikos" (worn) {rC+ rN+}
   (You found it on level 5 of the Dungeon)

   It protects you from cold.
   It protects you from negative energy.
Jewellery
 p - an uncursed ring of protection from magic
 t - a ring of poison resistance (left claw)
 v - a ring of positive energy (right claw)
Scrolls
 e - 13 scrolls of identify {unknown}
 f - 3 scrolls of remove curse {unknown}
 h - 2 scrolls of fear {unknown}
 i - a scroll of teleportation {unknown}
 l - a scroll of immolation {unknown}
 q - a scroll of enchant armour {unknown}
 w - a scroll of random uselessness {unknown}
Potions
 c - 2 potions of flight {unknown}
 d - 2 potions of might {unknown}
 g - 3 potions of agility {unknown}
 j - 2 potions of invisibility {unknown}
 k - a potion of degeneration {unknown}
 n - 2 potions of curing {unknown}
 o - a potion of lignification {unknown}
 r - 2 potions of heal wounds {unknown}
 u - a potion of brilliance {unknown}
Comestibles
 b - 8 rations


   Skills:
 + Level 3.2 Fighting
 + Level 4.5 Dodging
 + Level 2.4 Stealth
 + Level 7.8 Unarmed Combat


You had 7 spell levels left.
You didn't know any spells.
Your spell library contained the following spells:

 Spells                   Type           Power        Failure   Level  Hunger
 Animate Skeleton         Necr           N/A          45%         1    ##.....
 Pain                     Necr           #...         45%         1    ##.....
 Regeneration             Chrm/Necr      #.........   83%         3    ####...
 Vampiric Draining        Necr           #.........   83%         3    ####...
 Animate Dead             Necr           N/A          99%         4    #####..


Dungeon Overview and Level Annotations

Branches:
Dungeon (6/15)
 Temple: D:4-7

Altars:
Dithmenos
Gozag
Trog
Uskayaw
Xom

Shops:
D:3 *   D:4 [


Innate Abilities, Weirdness & Mutations

You are too large for most types of armour.
You have claws for hands.
Your metabolism is lightning-fast.
You like to eat raw meat.
Your natural rate of healing is unusually fast.
You are covered in fur. (AC +1)
You have extremely tough skin. (AC +3)


Message History

The hound zombie bites you but does no damage.
The orc warrior hits you with a +0 battleaxe.
The orc priest calls upon Beogh to heal the orc warrior.
The orc warrior's wounds heal themselves!
You scratch the orc warrior but do no damage.
The hound zombie bites you. The scorpion closely misses you.
The orc warrior hits you but does no damage.
You barely miss the scorpion.
The scorpion is severely wounded.
The hound zombie closely misses you. The scorpion barely misses you.
The hound zombie bites you but does no damage.
You claw the scorpion!
You kill the scorpion!
The orc warrior hits you with a +0 battleaxe!!
* * * LOW HITPOINT WARNING * * *
The orc hits you but does no damage. The hound zombie barely misses you.
The orc priest hits you with a +0 flail.
* * * LOW HITPOINT WARNING * * *
The orc warrior hits you with a +0 battleaxe!!
You die...

.# ###.#
#...+#.
##.......
#..#....
####o..##
###<.@Z†..#
#....oo...#
#.........#
#.......#..#
#####.####....
#.# #..# #.#
.## #.# . #.#


You could see an orc warrior, an orc priest, an orc and a hound zombie.

Vanquished Creatures
  Menkaure (D:5)
  Edmund (D:5)
  A phantom (D:4)
  2 ice beasts (D:5)
  5 scorpions
  A howler monkey (D:4)
  2 orc priests
  A bullfrog skeleton (D:5)
  An orc wizard (D:5)
  4 worker ants (D:4)
  8 adders
  A howler monkey skeleton (D:5)
  3 oozes
  3 worms
  3 leopard geckos
  9 orcs
  2 ball pythons
  7 bats
  3 giant cockroaches
  4 goblins
  9 hobgoblins
  2 jackals (D:5)
  2 kobolds
  3 quokkas
  3 frilled lizards
  A quokka skeleton (D:4)
  3 rats
85 creatures vanquished.

Vanquished Creatures (others)
  A frilled lizard (D:1)
1 creature vanquished.

Grand Total: 86 creatures vanquished

Notes
Turn   | Place    | Note
-------+----------+-------------------------------------------
     0 | D:1      | Boetheseconed the Troll Monk began the quest for the Orb.
     0 | D:1      | Reached XP level 1. HP: 22/22 MP: 0/0
   192 | D:1      | Reached XP level 2. HP: 27/29 MP: 1/1
   549 | D:1      | You fall into a shaft and drop 1 floor!
   788 | D:2      | Found a shimmering altar of Xom.
   788 | D:2      | Found an opulent altar of Gozag.
   822 | D:2      | Reached XP level 3. HP: 36/36 MP: 2/2
  1887 | D:3      | Reached skill level 4 in Unarmed Combat
  1887 | D:3      | Reached XP level 4. HP: 44/44 MP: 3/3
  2124 | D:3      | Found a shadowy altar of Dithmenos.
  2489 | D:3      | Found an opulent altar of Gozag.
  2496 | D:3      | Found Gozag's Platinum Reserve.
  2655 | D:4      | Reached XP level 5. HP: 52/52 MP: 4/4
  2717 | D:4      | Reached skill level 5 in Unarmed Combat
  2749 | D:4      | Reached XP level 6. HP: 56/59 MP: 5/5
  2925 | D:4      | Found Betalal's Armour Shoppe.
  3397 | D:5      | Entered Level 5 of the Dungeon
  3419 | D:5      | Reached skill level 6 in Unarmed Combat
  3419 | D:5      | Reached XP level 7. HP: 67/67 MP: 6/6
  3428 | D:5      | Found a bloodstained altar of Trog.
  3713 | D:5      | Noticed Menkaure
  3729 | D:5      | Killed Menkaure
  4074 | D:5      | Noticed Edmund
  4085 | D:5      | Killed Edmund
  4085 | D:5      | Reached skill level 7 in Unarmed Combat
  4188 | D:5      | Found a hide-covered altar of Uskayaw.
  4202 | D:5      | Reached XP level 8. HP: 57/75 MP: 7/7
  4249 | D:5      | Got a sheer robe
  4260 | D:5      | Identified the +1 robe "Goppikos" {rC+ rN+} (You found it
                  | on level 5 of the Dungeon)
  4499 | D:6      | Mangled by an orc warrior

Levels and vault maps discovered:
D:1:      dpeg_arrival_oval, layout_loops_ring, lemuel_flame_loot_1
D:2:      layout_rooms, gammafunk_temple_overflow_elements, serial_corexii_hall,
          chequers_hall_statues_wall_a, corexii_hall_statues_l,
          chequers_hall_statues_corner_a, chequers_hall_statues_wall_a,
          first_ration
D:3:      layout_basic, nicolae_dithmenos_shadow_blocks, kennysheep_nub,
          minmay_misc_feat_four_crosses, nicolae_gozag_zags_fifth_avenue
D:4:      layout_gridville, serial_shops, shop
D:5:      layout_loops_corners, kennysheep_diamond, hangedman_feature_mirror,
          uniq_edmund, uniq_menkaure
D:6:      layout_basic, minmay_temple_entry_wispy, st_stairs_7

Skill      XL: |  1  2  3  4  5  6  7 |
---------------+----------------------+-----
Unarmed Combat | 4 5 6 7 |  7.8
Dodging        | 3 4 |  4.5
Fighting       | 3 |  3.2
Stealth        | 2 |  2.4

Action                   |  1- 3 |  4- 6 |  7- 9 || total
-------------------------+-------+-------+-------++-------
Melee: Unarmed           |    93 |   115 |    82 ||   290
       Punch             |     1 |     2 |     1 ||     4
 Stab: Sleeping          |     3 |     1 |     1 ||     5
  Eat: Chunk             |    16 |    21 |     5 ||    42
Armor: Robe              |    40 |    36 |    18 ||    94
Dodge: Dodged            |    57 |    70 |    39 ||   166
